 Dungeon Sprint DCSS version 0.30-a0-883-g5ad918d77d (webtiles) character file.

Game seed: 7678622806476986539

86 sircluck the Ruffian (level 4, -1/44 HPs)
             Began as a Troll Gladiator on Mar 15, 2023.
             Slain by a fire elemental (8 damage)
             ... summoned by a deep elf pyromancer
             ... in the Dungeon (Sprint III: "The Ten Rune Challenge").
             The game lasted 00:01:53 (246 turns).

sircluck the Ruffian (Troll Gladiator)               Turns: 246, Time: 00:01:54

Health: -1/44      AC:  4    Str: 24      XL:     4   Next: 26%
Magic:  3/3        EV: 11    Int:  3 (4)  God:
Gold:   17         SH:  0    Dex: 11      Spells: 3/3 levels left

rFire   . . .      SeeInvis .      - Unarmed
rCold   . . .      Faith    .    (no shield)
rNeg    . . .      Spirit   .    a - +0 robe
rPois   .          Reflect  .    b - +0 hat
rElec   .          Rampage  .    (no cloak)
rCorr   .          NoTele   +    (gloves unavailable)
Will    ++...                    (boots unavailable)
Stlth   +                        (no amulet)
HPRegen 1.07/turn                (no ring)
MPRegen 0.08/turn                (no ring)

@: on berserk cooldown, slowed, very slow
A: large, unfitting armour, claws 3, regeneration 1, shaggy fur 1, tough skin 1,
strong-willed 2, mutation resistance 1
a: no special abilities


You were in the Dungeon.
You visited 1 branch You collected 17 gold pieces.

Inventory:

Missiles
 c - 3 throwing nets (quivered)
 d - a large rock
Armour
 a - a +0 robe (worn)
 b - a +0 hat (worn)
Scrolls
 j - a scroll of blinking
 n - 2 scrolls of identify
 p - a scroll of torment
Potions
 e - 2 potions of curing
 f - a potion of heal wounds
 g - a potion of haste
 h - 2 potions of magic
 k - a potion of brilliance


   Skills:
 + Level 2.5 Fighting
 + Level 2.7 Throwing
 + Level 4.9 Dodging
 + Level 0.2 Stealth
 + Level 6.2 Unarmed Combat


You had 3 spell levels left.
You didn't know any spells.
Your spell library was empty.

Dungeon Overview and Level Annotations

Branches:
Dungeon (1/1)

Altars:
Elyvilon
Zin
The Shining One


Innate Abilities, Weirdness & Mutations

You are too large for most types of armour.
You have claws for hands.
Your natural rate of healing is unusually fast.
You are covered in fur. (AC +1)
You have tough skin. (AC +1)
You are highly strong-willed. (Will++)
You are somewhat resistant to further mutation.


Message History

You have reached level 3!
Your experience leads to an increase in your attributes!
Your base attributes are Str 21, Int 4, Dex 11.
Increase (S)trength, (I)ntelligence, or (D)exterity?
You feel stronger. x3
You have reached level 4!
Calm down first, please.
There is a fountain of clear blue water here.
You feel a strong urge to attack something.
You are no longer berserk.
You are exhausted.
You feel yourself slow down.
You open the door.
Found three altars.
A deep elf pyromancer comes into view.
It is wielding a +1 long sword of holy wrath.
Found a potion of heal wounds.
The deep elf pyromancer shouts!
The deep elf pyromancer gestures wildly while chanting.
The deep elf pyromancer blinks!
There is an open door here.
The deep elf pyromancer hits you with a +1 long sword of holy wrath!
The deep elf pyromancer gestures wildly while chanting.
You claw the deep elf pyromancer!
The deep elf pyromancer is moderately wounded.
The fire elemental hits you. The fire elemental burns you!
The deep elf pyromancer casts a spell.
The deep elf pyromancer blinks!
You claw the fire elemental!
The fire elemental is moderately damaged.
The fire elemental hits you. The fire elemental burns you!
The fire elemental closely misses you.
You scratch the fire elemental but do no damage.
The fire elemental is moderately damaged.
The fire elemental hits you. The fire elemental burns you!
* * * LOW HITPOINT WARNING * * *
The fire elemental completely misses you.
You barely miss the fire elemental. Your claw misses the fire elemental.
The fire elemental is moderately damaged.
The fire elemental hits you. The fire elemental burns you!
You die...

▓▓▓▓ ▓▓▓ [..####
##.#####
......#####..#___#
.......#..#..#!.@#
#.##...#..#..###E#+###+#
#.###..##'#..#..e.......
##.##..###...'.⌠........
..##..####...#...######+
..##..###....#.⌠.#
.##...##.....#...#
##....#......#+###
##..##.#.....#


You could see a deep elf pyromancer and a fire elemental (summoned).

Vanquished Creatures
  A water elemental (D)
  A human (D)
  A phantom (D)
  2 endoplasms (D)
  2 rats (D)
7 creatures vanquished.

Notes
Turn   | Place    | Note
-------+----------+-------------------------------------------
     0 | D        | sircluck the Troll Gladiator began the quest for the Orb.
     0 | D        | Reached XP level 1. HP: 19/19 MP: 0/0
    58 | D        | Reached skill level 4 in Unarmed Combat
    58 | D        | Reached XP level 2. HP: 14/28 MP: 1/1
    96 | D        | Noticed a water elemental
   130 | D        | Gained mutation: Armour fits poorly on your strangely
                  | shaped body. [potion of mutation]
   130 | D        | Gained mutation: You occasionally lose the ability to drink
                  | potions when taking damage. [potion of mutation]
   130 | D        | Gained mutation: You occasionally lose the ability to read
                  | scrolls when taking damage. [potion of mutation]
   130 | D        | Gained mutation: You are partially covered in iridescent
                  | scales. (AC +2) [potion of mutation]
   131 | D        | Lost mutation: You occasionally lose the ability to drink
                  | potions when taking damage. [potion of mutation]
   131 | D        | Lost mutation: Armour fits poorly on your strangely shaped
                  | body. [potion of mutation]
   131 | D        | Gained mutation: Your spells are a little easier to cast,
                  | but a little less powerful. [potion of mutation]
   131 | D        | Gained mutation: You are vulnerable to heat. (rF-) [potion
                  | of mutation]
   131 | D        | Lost mutation: Your spells are a little easier to cast, but
                  | a little less powerful. [potion of mutation]
   132 | D        | Lost mutation: You occasionally lose the ability to read
                  | scrolls when taking damage. [potion of mutation]
   132 | D        | Lost mutation: You are vulnerable to heat. (rF-) [potion of
                  | mutation]
   132 | D        | Lost mutation: You are partially covered in iridescent
                  | scales. (AC +2) [potion of mutation]
   132 | D        | Gained mutation: You are strong-willed. (Will+) [potion of
                  | mutation]
   132 | D        | Gained mutation: You are highly strong-willed. (Will++)
                  | [potion of mutation]
   132 | D        | Gained mutation: You are somewhat resistant to further
                  | mutation. [potion of mutation]
   236 | D        | Killed a water elemental
   237 | D        | Reached skill level 6 in Unarmed Combat
   237 | D        | Reached XP level 3. HP: 36/36 MP: 2/2
   237 | D        | Reached XP level 4. HP: 44/44 MP: 3/3
   240 | D        | Found a glowing silver altar of Zin.
   240 | D        | Found a glowing golden altar of the Shining One.
   240 | D        | Found a white marble altar of Elyvilon.
   241 | D        | Noticed a deep elf pyromancer
   243 | D        | Noticed a fire elemental
   246 | D        | Slain by a fire elemental

Illustrated notes

Levels and vault maps discovered:
D:        dungeon_sprint_mu [sprint_mu_entry_cave, sprint_mu_temple_rooms,
          sprint_mu_d1_spiders, sprint_mu_d2_genie, sprint_mu_d3_branching,
          sprint_mu_orc_legion, sprint_mu_elf_gauntlet, sprint_mu_hive_nellie,
          sprint_mu_lair_fedhas, sprint_mu_vaults_butterflies,
          sprint_mu_slime_circle, sprint_mu_shoals_archi,
          sprint_mu_snake_twists, sprint_mu_blade_basic,
          sprint_mu_crypt_fortress, sprint_mu_tomb_spiral,
          sprint_mu_vestibule_basic, sprint_mu_gehenna_hellfire,
          sprint_mu_dis_giant, sprint_mu_tartarus_statrot,
          sprint_mu_cocytus_islands, sprint_mu_zot1]

Skill      XL: |  1  2 |
---------------+-------+-----
Throwing       | 2 |  2.7
Dodging        | 3 4 |  4.9
Unarmed Combat | 4 6 |  6.2
Fighting       | 2 |  2.5
Stealth        | |  0.2

Action                     |  1- 3 |  4- 6 || total
---------------------------+-------+-------++-------
  Melee: Unarmed           |    28 |     4 ||    32
         Punch             |     1 |       ||     1
    Use: Potion            |     6 |       ||     6
         Scroll            |     2 |       ||     2
   Stab: Sleeping          |     1 |       ||     1
 Armour: Robe              |    11 |     4 ||    15
  Dodge: Dodged            |    12 |     2 ||    14

Table legend: (Time is in decaauts)
 A = Elapsed time spent in this place.
 B = Non-inter-level travel time spent in this place.
 C = Inter-level travel time spent in this place.
 D = Time resting spent in this place.
 E = Time spent auto-exploring this place.
 F = Levels seen in this place.
 G = Mean time per level.
                   A        B        C        D        E       F      G
               +--------+--------+--------+--------+--------+-----+--------+
         Total |    244 |    237 |      7 |     81 |     41 |   1 |  244.0 |
       Dungeon |    244 |    237 |      7 |     81 |     41 |   1 |  244.0 |
               +--------+--------+--------+--------+--------+-----+--------+

Top non-repeatable levels by time:
       D: 244 daAuts
